General information
- name: BNet
- type: Ladder team game (AT/RT)
- host: Battle.net
- saver: Zephyd
map: UpperKingdom
- players: 6
- length: 21:05
- speed: Fast
- version: 1.23 W3XP
- replay type: Public
» download(143 KB)
Players
team 1 (winner)
stone.juggy (
green | 120 APM | 2524 actions | 21:04)
6 Death Knight
3 Death Coil
2 Unholy Aura
1 Animate Dead
5 Lich
2 Frost Armor
3 Frost Nova
» actions
| Assign group hotkey | 31 | |
| Basic commands | 50 | |
| Build / train | 65 | |
| ESC pressed | 1 | |
| Enter build submenu | 23 | |
| Enter hero's abilities submenu | 10 | |
| Remove unit from queue | 2 | |
| Right click | 894 | |
| Select / deselect | 432 | |
| Select group hotkey | 924 | |
| Use ability | 92 | |
2524 total
» units
| Acolyte | 8 | |
| Ghoul | 5 | |
| Crypt Fiend | 11 | |
| Obsidian Statue | 6 | |
| Magnataur Warrior | 1 | |
| Polar Furbolg Shaman | 1 | |
| Frost Wyrm | 2 | |
34 total
» upgrades
| Web | 1 | |
| Creature Attack | 2 | |
| Destroyer Form | 1 | |
| Creature Carapace | 1 | |
5 total
» buildings
| Crypt | 1 | |
| Graveyard | 1 | |
| Ziggurat | 9 | |
| Altar of Darkness | 1 | |
| Tomb of Relics | 1 | |
| Halls of the Dead | 1 | |
| Slaughterhouse | 1 | |
| Sacrificial Pit | 1 | |
| Black Citadel | 1 | |
| Boneyard | 1 | |
18 total
» build order
00:10 Crypt
00:17 Graveyard
00:37 Ziggurat
00:59 Altar of Darkness
01:28 Tomb of Relics
02:00 Ziggurat
04:03 Halls of the Dead
04:49 Ziggurat
06:42 Slaughterhouse
07:43 Ziggurat
10:16 Sacrificial Pit
10:54 Ziggurat
10:56 Black Citadel
11:33 Ziggurat
13:44 Ziggurat
14:17 Ziggurat
14:19 Boneyard
18:58 Ziggurat
» items
| Rod of Necromancy | 1 | |
| Dust of Appearance | 1 | |
| Potion of Healing | 3 | |
| Scroll of Town Portal | 1 | |
| Scroll of Healing | 3 | |
9 total
theDreamStick (
blue | 87 APM | 1837 actions | 21:04)
5 Archmage
3 Summon Water Elemental
2 Brilliance Aura
4 Naga Sea Witch
2 Frost Arrows
2 Forked Lightning
» actions
| Assign group hotkey | 30 | |
| Basic commands | 1 | |
| Build / train | 70 | |
| ESC pressed | 9 | |
| Enter build submenu | 20 | |
| Enter hero's abilities submenu | 9 | |
| Right click | 947 | |
| Select / deselect | 346 | |
| Select group hotkey | 347 | |
| Use ability | 58 | |
1837 total
» units
| Peasant | 15 | |
| Rifleman | 18 | |
| Mortar Team | 8 | |
41 total
» upgrades
| Gunpowder | 2 | |
| Lumber Harvesting | 1 | |
| Long Rifles | 1 | |
| Flare | 1 | |
| Armor | 1 | |
| Fragmentation Shards | 2 | |
8 total
» buildings
| Altar of Kings | 1 | |
| Farm | 9 | |
| Blacksmith | 1 | |
| Barracks | 1 | |
| Lumber Mill | 1 | |
| Keep | 4 | |
| Arcane Vault | 1 | |
| Workshop | 2 | |
| Town Hall | 1 | |
| Castle | 1 | |
22 total
» build order
00:06 Altar of Kings
00:09 Farm
00:37 Blacksmith
00:55 Barracks
01:13 Farm
02:14 Farm
02:46 Lumber Mill
03:15 Farm
04:20 Keep
04:50 Keep
06:35 Arcane Vault
07:01 Farm
07:35 Keep
07:43 Farm
08:08 Keep
09:37 Farm
13:10 Workshop
13:15 Workshop
13:32 Town Hall
13:45 Farm
13:48 Farm
17:43 Castle
» items
| Scroll of Regeneration | 3 | |
| Scroll of Town Portal | 1 | |
4 total
Zephyd (
orange | 114 APM | 2409 actions | 21:05)
6 Dark Ranger
3 Black Arrow
2 Silence
1 Charm
4 Naga Sea Witch
2 Frost Arrows
2 Forked Lightning
» actions
| Assign group hotkey | 86 | |
| Basic commands | 10 | |
| Build / train | 67 | |
| ESC pressed | 2 | |
| Enter build submenu | 24 | |
| Enter hero's abilities submenu | 10 | |
| Give item / drop item | 4 | |
| Remove unit from queue | 1 | |
| Right click | 1388 | |
| Select / deselect | 361 | |
| Select group hotkey | 406 | |
| Use ability | 50 | |
2409 total
» units
| Wisp | 20 | |
| Archer | 10 | |
| Hippogryph | 1 | |
| Chimaera | 11 | |
42 total
» upgrades
| Corrosive Breath | 1 | |
| Strength of the Wild | 3 | |
| Reinforced Hides | 3 | |
| Ultravision | 1 | |
8 total
» buildings
| Moon Well | 7 | |
| Altar of Elders | 1 | |
| Ancient of War | 1 | |
| Tree of Ages | 1 | |
| Tree of Eternity | 1 | |
| Ancient of Wind | 3 | |
| Ancient of Wonders | 1 | |
| Chimaera Roost | 4 | |
| Hunter's Hall | 1 | |
20 total
» build order
00:04 Moon Well
00:25 Altar of Elders
01:16 Ancient of War
01:19 Moon Well
02:33 Tree of Ages
03:23 Moon Well
05:20 Tree of Eternity
05:23 Ancient of Wind
06:28 Ancient of Wonders
07:52 Chimaera Roost
07:53 Chimaera Roost
07:55 Chimaera Roost
07:57 Chimaera Roost
08:35 Hunter's Hall
08:38 Moon Well
09:40 Moon Well
10:07 Moon Well
11:19 Moon Well
18:50 Ancient of Wind
19:54 Ancient of Wind
» items
team 2 (loser)
Corelios (
pink | 42 APM | 887 actions | 20:58)
3 Blademaster
2 Wind Walk
1 Critical Strike
» actions
| Assign group hotkey | 25 | |
| Build / train | 65 | |
| Enter build submenu | 17 | |
| Enter hero's abilities submenu | 3 | |
| Remove unit from queue | 4 | |
| Right click | 242 | |
| Select / deselect | 301 | |
| Select group hotkey | 154 | |
| Use ability | 76 | |
887 total
» units
| Peon | 11 | |
| Grunt | 11 | |
| Raider | 18 | |
| Wind Rider | 9 | |
49 total
» upgrades
| Pillage | 1 | |
| Ensnare | 1 | |
| Melee Weapons | 1 | |
| Armor | 1 | |
| Envenomed Spears | 1 | |
5 total
» buildings
| Altar of Storms | 1 | |
| Barracks | 1 | |
| Orc Burrow | 7 | |
| War Mill | 1 | |
| Watch Tower | 1 | |
| Stronghold | 1 | |
| Voodoo Lounge | 1 | |
| Beastiary | 3 | |
| Great Hall | 1 | |
| Fortress | 1 | |
18 total
» build order
00:04 Altar of Storms
00:06 Barracks
00:09 Orc Burrow
02:02 Orc Burrow
02:30 War Mill
03:06 Orc Burrow
04:15 Watch Tower
05:23 Stronghold
06:25 Orc Burrow
06:33 Orc Burrow
07:04 Voodoo Lounge
07:44 Beastiary
07:48 Beastiary
07:53 Beastiary
11:05 Great Hall
11:28 Orc Burrow
12:20 Fortress
15:01 Orc Burrow
» items
j512 (
red | 29 APM | 600 actions | 20:55)
5 Dark Ranger
3 Black Arrow
2 Silence
» actions
| Build / train | 59 | |
| Enter build submenu | 18 | |
| Enter hero's abilities submenu | 5 | |
| Remove unit from queue | 1 | |
| Right click | 233 | |
| Select / deselect | 241 | |
| Use ability | 43 | |
600 total
» units
| Wisp | 18 | |
| Archer | 6 | |
| Huntress | 2 | |
| Dryad | 17 | |
43 total
» upgrades
| Strength of the Wild | 3 | |
| Abolish Magic | 1 | |
| Reinforced Hides | 2 | |
6 total
» buildings
| Altar of Elders | 1 | |
| Moon Well | 9 | |
| Ancient of War | 1 | |
| Hunter's Hall | 1 | |
| Tree of Ages | 1 | |
| Ancient of Wonders | 1 | |
| Ancient of Lore | 2 | |
| Tree of Eternity | 1 | |
17 total
» build order
00:12 Altar of Elders
00:32 Moon Well
00:46 Ancient of War
01:36 Moon Well
02:40 Hunter's Hall
03:34 Tree of Ages
03:54 Moon Well
04:09 Moon Well
06:14 Ancient of Wonders
06:29 Ancient of Lore
06:43 Ancient of Lore
08:12 Moon Well
11:36 Moon Well
13:10 Moon Well
13:27 Tree of Eternity
14:10 Moon Well
15:37 Moon Well
» items
WereWoLF[Pro] (
yellow | 34 APM | 710 actions | 21:03)
5 Pandaren Brewmaster
2 Drunken Haze
1 Drunken Brawler
2 Breath of Fire
» actions
| Assign group hotkey | 8 | |
| Build / train | 68 | |
| Enter build submenu | 23 | |
| Enter hero's abilities submenu | 6 | |
| Remove unit from queue | 2 | |
| Right click | 300 | |
| Select / deselect | 230 | |
| Select group hotkey | 27 | |
| Use ability | 46 | |
710 total
» units
| Peasant | 13 | |
| Footman | 13 | |
| Gryphon Rider | 15 | |
41 total
» upgrades
| Defend | 1 | |
| Swords | 3 | |
| Armor | 3 | |
| Lumber Harvesting | 2 | |
| Storm Hammers | 1 | |
| Animal War Training | 1 | |
11 total
» buildings
| Altar of Kings | 1 | |
| Farm | 13 | |
| Barracks | 1 | |
| Scout Tower | 8 | |
| Lumber Mill | 1 | |
| Arcane Tower | 1 | |
| Blacksmith | 1 | |
| Keep | 1 | |
| Guard Tower | 5 | |
| Gryphon Aviary | 2 | |
| Castle | 1 | |
| Town Hall | 2 | |
37 total
» build order
00:10 Altar of Kings
00:12 Farm
00:17 Farm
00:24 Barracks
00:54 Farm
01:50 Farm
02:53 Farm
02:56 Scout Tower
03:32 Lumber Mill
03:40 Farm
04:02 Arcane Tower
04:53 Farm
05:01 Blacksmith
05:43 Keep
06:30 Scout Tower
07:04 Guard Tower
07:17 Scout Tower
07:19 Scout Tower
07:21 Scout Tower
08:04 Guard Tower
08:53 Farm
09:19 Guard Tower
09:23 Farm
09:38 Gryphon Aviary
09:39 Gryphon Aviary
10:02 Castle
10:41 Town Hall
10:45 Town Hall
15:13 Scout Tower
15:14 Scout Tower
15:18 Scout Tower
17:06 Guard Tower
17:09 Guard Tower
17:15 Farm
17:20 Farm
17:20 Farm
18:28 Farm
Chat log
(00:26 / All) stone.juggy: gl hf
(00:33 / All) WereWoLF[Pro]: ty
(00:46 / All) WereWoLF[Pro]: same to u
(00:59 / All) WereWoLF[Pro]: but only u
(01:02 / All) WereWoLF[Pro]: not your teammates
(01:08 / All) WereWoLF[Pro]: ...smug ppl
(01:21 / All) stone.juggy: ^^
(01:24 / All) Zephyd: lazy people
(01:30 / All) theDreamStick: busy ppl
(01:38 / All) Zephyd: too much micro needed early to type 'glhf'
(01:45 / All) WereWoLF[Pro]: lol
(01:53 / All) WereWoLF[Pro]: shit happens